 Dungeon Crawl Stone Soup version 0.29-a0-23-ga79f92ac9c (webtiles) character file.

Game seed: 13154073395933057650

4216 brandma555 the Thaumaturge (level 10, -16/50 HPs)
             Began as a Deep Elf Conjurer on Jan 30, 2022.
             Was a Follower of Vehumet.
             Demolished by a boulder beetle (47 damage)
             ... on level 8 of the Dungeon.
             The game lasted 01:00:53 (11155 turns).

brandma555 the Thaumaturge (Deep Elf Conjurer)     Turns: 11155, Time: 01:00:54

Health: -16/50     AC:  6    Str:  4    XL:     10   Next: 9%
Magic:  11/28      EV:  9    Int: 28    God:    Vehumet [*.....]
Gold:   418        SH:  0    Dex: 13    Spells: 21/33 levels left

rFire   . . .      SeeInvis .   d - +2 flail (protect)
rCold   . . .      Faith    .   (no shield)
rNeg    + . .      Spirit   .   A - +0 ring mail {Will+}
rPois   .          Reflect  .   n - +0 helmet
rElec   .          Harm     .   (no cloak)
rCorr   .          Rampage  .   (no gloves)
Will    ++...                   (no boots)
Stlth   ++........              r - amulet of regeneration
HPRegen 0.96/turn               v - ring of wizardry
MPRegen 0.21/turn               w - ring of positive energy

@: very slightly contaminated
A: no striking features
a: Renounce Religion


You were on level 8 of the Dungeon.
You worshipped Vehumet.
Vehumet was aware of your devotion.
You visited 2 branches of the dungeon, and saw 9 of its levels.

You collected 418 gold pieces.

Inventory:

Hand Weapons
 c - a +0 short sword
 d - a +2 flail of protection (weapon)
 f - a +1 dagger of venom
 h - a +1 short sword of holy wrath
Armour
 a - a +0 robe
 m - a +0 animal skin
 n - a +0 helmet (worn)
 A - a +0 ring mail of willpower (worn)
 D - a +0 buckler
 E - a +0 robe of cold resistance
Jewellery
 r - an amulet of regeneration (around neck)
 v - a ring of wizardry (left hand)
 w - a ring of positive energy (right hand)
Wands
 u - a wand of mindburst (2)
 y - a wand of flame (41)
 C - a wand of polymorph (7)
Scrolls
 e - a scroll of summoning {unknown}
 g - a scroll of enchant armour {unknown}
 i - a scroll of noise {unknown}
 j - a scroll of fog {unknown}
 k - a scroll of silence {unknown}
 o - 2 scrolls of enchant weapon {unknown}
 p - 8 scrolls of identify {unknown}
 t - 3 scrolls of blinking {unknown}
 x - a scroll of amnesia {unknown}
 F - a scroll of magic mapping {unknown}
Potions
 b - a potion of lignification
 l - a potion of degeneration {unknown}
 q - 2 potions of haste {unknown}
 s - a potion of brilliance {unknown}
 z - a potion of ambrosia {unknown}
 B - a potion of heal wounds {unknown}


   Skills:
 - Level 3.0 Dodging
 - Level 3.0 Stealth
 * Level 0.5 Shields
 + Level 12.4 Spellcasting
 + Level 10.2 Conjurations
 - Level 7.0 Hexes
 - Level 5.0 Translocations


You had 21 spell levels left.
You knew the following spells:

 Your Spells              Type           Power      Damage    Failure   Level
a - Magic Dart            Conj           100%       1d8       1%          1
b - Dazzling Flash        Conj/Hex       100%       N/A       1%          3
c - Fulminant Prism       Conj/Hex       30%        3d16      2%          4
d - Iskenderun's Mystic   Conj/Tloc      56%        2d12      3%          4

Your spell library contained the following spells:

 Spells                   Type           Power      Damage    Failure   Level
 Sandblast                Erth           34%        2d9       8%          1
 Apportation              Tloc           90%        N/A       1%          1
 Searing Ray              Conj           100%       2d8       1%          2
 Static Discharge         Conj/Air       46%        N/A       1%          2
 Animate Skeleton         Necr           34%        N/A       8%          1
 Summon Small Mammal      Summ           68%        N/A       8%          1
 Lightning Bolt           Conj/Air       23%        1d38      26%         5
 Maxwell's Capacitive Co  Air            8%         ∞         100%        8


Dungeon Overview and Level Annotations

Branches:
Dungeon (8/15)             Temple (1/1) D:5
   Lair: D:8-11

Altars:
Ashenzari
Cheibriados
Dithmenos
Elyvilon
Fedhas
Gozag
Hepliaklqana
Kikubaaqudgha
Makhleb
Nemelex Xobeh
Okawaru
Qazlal
Ru
Sif Muna
Trog
Uskayaw
Vehumet
Wu Jian
Xom
Yredelemnul
Zin
The Shining One
Beogh

Shops:
D:4 :   D:7 (

Annotations:
D:4 2 transporters, feta's ghost, amateur GrFi
D:5 2 transporters, feta's ghost, novice FoFi
D:8 3 runed translucent doors, caaleb's ghost, novice TrAM


Message History

The boulder beetle is moderately wounded.
You hear a roar!
Casting: Magic Dart (safe; 1% risk of failure)
Confirm with . or Enter, or press ? or * to list all spells.
Aiming: Fulminant Prism (dangerous; 2% risk of failure)
Press: ? - help, Dir - move target, p - boulder beetle You miscast Fulminant Prism.
You are very lightly contaminated with residual magic.
Nothing appears to happen.
The boulder beetle hits you!!
The boulder beetle stops rolling and uncurls.
Casting: Fulminant Prism (dangerous; 2% risk of failure)
Confirm with . or Enter, or press ? or * to list all spells.
Aiming: Fulminant Prism (dangerous; 2% risk of failure)
Press: ? - help, Dir - move target You conjure a prism of explosive energy!
A fulminant prism comes into view.
The boulder beetle bites you.
Casting: Fulminant Prism (dangerous; 2% risk of failure)
Confirm with . or Enter, or press ? or * to list all spells.
You erupt in a blast of force!
The mystic blast hits the boulder beetle.
The boulder beetle is moderately wounded.
The boulder beetle is knocked back by the mystic blast.
Your fulminant prism crackles loudly.
There are monsters nearby!
Casting: Iskenderun's Mystic Blast (dangerous; 3% risk of failure)
Confirm with . or Enter, or press ? or * to list all spells.
Aiming: Magic Dart (safe; 1% risk of failure)
Press: ? - help, Shift-Dir - straight line, f - boulder beetle
Aim: a boulder beetle (moderately wounded, ally target, 100% to hit)
The magic dart hits the boulder beetle but does no damage.
The boulder beetle is moderately wounded.
The boulder beetle curls into a ball and begins rolling!
Your fulminant prism explodes!
The blast of energy engulfs the boulder beetle!!
The boulder beetle is severely wounded.
You hear a roar!
The boulder beetle hits you!!!
Ouch! That really hurt!
You die...

#.#.......# #####. #.#.......#
...... #.#.......#######
#########.#.......#.....#
........#..#.#°.#.#.###.#
#######.##.#.#.°#.#<)...#
.....##.##...#.○#.#.#####
..)..##.#....#.B#.#.#...#
.)).)...#.#..#..@.#.#.#.#
.....#†......##.....#.#.#
.....###+++####.#####.#.#
....<##D.W..##........########
.....#≈.....≈##.########≈≈≈≈≈##
.....#≈..)..♣##.......#≈≈≈≈≈≈≈#
.....#≈...?..##.#######≈≈≈≈≈≈≈##
.######P.$..##..# #≈≈≈≈≈≈≈≈≈# o
##≈♣♣###..### #..≈≈≈≈≈≈.#


You could see a boulder beetle (rolling).

Vanquished Creatures
  Maurice (D:8)
  A hornet (D:8)
  2 water moccasins (D:5)
  4 sky beasts
  4 ogres
  3 orc warriors
  A necrophage (D:5)
  A centaur (D:6)
  2 phantoms
  2 kobold brigands
  3 bullfrogs
  2 scorpions
  A wyvern skeleton (D:7)
  2 water moccasin skeletons
  12 wights
  A bullfrog zombie (D:5)
  5 jellies
  2 bullfrog skeletons
  A hound (D:5)
  5 orc priests
  Jessica (D:2)
  5 iguanas
  Terence (D:2)
  6 orc wizards
  A killer bee zombie (D:7)
  A howler monkey zombie (D:8)
  Robin (D:2)
  4 adders
  13 gnolls
  A white imp (D:6)
  An ufetubus (D:5)
  2 worms
  21 orcs
  3 bats
  15 endoplasms
  A giant cockroach (D:2)
  14 goblins
  8 hobgoblins
  6 jackals
  5 quokkas
  8 ball pythons
  2 frilled lizards
  15 kobolds
  5 rats
  5 fulminant prisms
200 creatures vanquished.

Vanquished Creatures (others)
  102 fulminant prisms
  5 plants (D:8)
  8 toadstools (D:2)
115 creatures vanquished.

Grand Total: 315 creatures vanquished

Notes
Turn   | Place    | Note
-------+----------+-------------------------------------------
     0 | D:1      | brandma555 the Deep Elf Conjurer began the quest for the
                  | Orb.
     0 | D:1      | Reached XP level 1. HP: 10/10 MP: 6/6
   163 | D:1      | Reached XP level 2. HP: 7/15 MP: 2/8
   367 | D:1      | Reached XP level 3. HP: 19/19 MP: 3/10
   373 | D:1      | Learned a level 3 spell: Dazzling Flash
   757 | D:1      | Found a faded altar of an unknown god.
   860 | D:2      | Noticed Terence
   867 | D:2      | Killed Terence
   868 | D:2      | Reached skill level 4 in Spellcasting
   868 | D:2      | Reached skill level 5 in Conjurations
   971 | D:2      | Reached XP level 4. HP: 24/24 MP: 7/12
  1030 | D:2      | Found a bloodstained altar of Trog.
  1287 | D:2      | Reached skill level 1 in Hexes
  1528 | D:2      | Reached skill level 5 in Spellcasting
  1665 | D:2      | Noticed Jessica
  1671 | D:2      | Killed Jessica
  1672 | D:2      | Reached XP level 5. HP: 19/28 MP: 7/14
  1674 | D:2      | Noticed Robin
  1679 | D:2      | Killed Robin
  2455 | D:2      | Reached skill level 6 in Spellcasting
  2715 | D:3      | Reached XP level 6. HP: 32/32 MP: 14/17
  3489 | D:4      | Found a transporter.
  3654 | D:4      | Reached skill level 5 in Hexes
  3753 | D:4      | Found Degeint's Book Emporium.
  4267 | D:4      | Learned a level 4 spell: Fulminant Prism
  4269 | D:4      | HP: 1/32 [spore (31)]
  4271 | D:4      | Reached skill level 7 in Spellcasting
  4271 | D:4      | Reached XP level 7. HP: 3/36 MP: 12/19
  4411 | D:4      | Noticed feta's ghost (amateur GrFi)
  4425 | D:4      | Found a transporter.
  4906 | D:5      | Entered Level 5 of the Dungeon
  5537 | D:5      | Found a transporter.
  5540 | D:5      | Noticed feta's ghost (novice FoFi)
  5542 | D:5      | Found a transporter.
  5561 | D:5      | Reached skill level 8 in Spellcasting
  5590 | D:5      | Reached XP level 8. HP: 15/41 MP: 1/22
  5944 | D:5      | Found a staircase to the Ecumenical Temple.
  5963 | Temple   | Entered the Ecumenical Temple
  6175 | Temple   | Became a worshipper of Vehumet
  6546 | D:5      | Reached skill level 9 in Spellcasting
  6620 | D:5      | Found a shimmering blue altar of Sif Muna.
  7588 | D:6      | Learned a level 4 spell: Iskenderun's Mystic Blast
  7670 | D:6      | Reached skill level 10 in Spellcasting
  7670 | D:6      | Reached XP level 9. HP: 45/45 MP: 11/25
  7703 | D:5      | Reached skill level 1 in Translocations
  9593 | D:7      | Found Ynyla's Weapon Shoppe.
  9683 | D:7      | Reached skill level 11 in Spellcasting
  9683 | D:7      | Reached skill level 5 in Translocations
  9696 | D:7      | Reached * piety under Vehumet
  9696 | D:7      | Offered knowledge of Sandblast by Vehumet.
 10099 | D:8      | Noticed a boulder beetle
 10454 | D:8      | Found a runed translucent gate.
 10454 | D:8      | Found a runed translucent gate.
 10455 | D:8      | Noticed caaleb's ghost (novice TrAM)
 10458 | D:8      | Noticed a ten-headed hydra
 10458 | D:8      | Noticed a ten-headed hydra
 10459 | D:8      | Found a runed translucent gate.
 10471 | D:8      | Reached skill level 12 in Spellcasting
 10705 | D:8      | Noticed Maurice
 10852 | D:8      | Killed Maurice
 10853 | D:8      | Reached skill level 10 in Conjurations
 10853 | D:8      | Reached XP level 10. HP: 33/50 MP: 16/28
 11155 | D:8      | Demolished by a boulder beetle

Illustrated notes

Levels and vault maps discovered:
D:1:      eino_arrival_water_cross, layout_rooms, basic_ecumenical_altar,
          ebering_dispersal_statue_hall, minmay_misc_feat_more_columns
D:2:      cheibrodos_fertilizer, layout_loops_ring, basic_altar, uniq_jessica,
          uniq_robin, uniq_terence
D:3:      layout_basic, kennysheep_orc_chapel
D:4:      cheibrodos_quashed, layout_basic, serial_shops, nicolae_square_shop,
          gammafunk_ghost_arena
D:5:      layout_loops_corners, lemuel_round_altar, minmay_temple_entry_hall,
          gammafunk_ghost_smash, st_stairs_2, minmay_misc_feat_alley,
          chequers_serial_rivers_room_b
D:6:      layout_basic, hangedman_decor_peaks_small
D:7:      layout_loops_ring, serial_shops, nicolae_shop_bloodbath_and_beyond,
          kennysheep_windowed_goal
D:8:      layout_basic, gammafunk_ghost_hydra_chop, nicolae_underground_beach,
          uniq_maurice
Temple:   minmay_crystal_snake_temple

Skill      XL: |  1  2  3  4  5  6  7  8  9 |
---------------+----------------------------+-----
Stealth        | 3 |  3.0
Dodging        | 3 |  3.0
Spellcasting   | 4 5 6 7 8 10 12 | 12.4
Conjurations   | 5 6 7 9 10 | 10.2
Hexes          | 2 3 5 7 |  7.0
Translocations | 5 |  5.0
Shields        | |  0.5

Action                   |  1- 3 |  4- 6 |  7- 9 | 10-12 || total
-------------------------+-------+-------+-------+-------++-------
Melee: Short sword       |     1 |       |       |       ||     1
       Flail             |       |     2 |    36 |       ||    38
 Cast: Magic Dart        |    51 |   199 |   102 |     3 ||   355
       Dazzling Flash    |       |     5 |     3 |       ||     8
       Fulminant Prism   |       |     1 |   102 |     4 ||   107
       Iskenderun's Myst |       |       |     3 |     1 ||     4
  Use: Potion            |       |       |     2 |       ||     2
Armor: Robe              |     2 |    13 |    10 |       ||    25
       Skin              |       |       |    23 |       ||    23
       Ring mail         |       |       |    11 |       ||    11
Dodge: Dodged            |     6 |    19 |    44 |       ||    69

Table legend: (Time is in decaauts)
 A = Elapsed time spent in this place.
 B = Non-inter-level travel time spent in this place.
 C = Inter-level travel time spent in this place.
 D = Time resting spent in this place.
 E = Time spent auto-exploring this place.
 F = Levels seen in this place.
 G = Mean time per level.
                   A        B        C        D        E       F      G
               +--------+--------+--------+--------+--------+-----+--------+
         Total |  11199 |  10378 |    821 |   3117 |   5788 |   9 | 1244.3 |
       Dungeon |  10948 |  10190 |    758 |   3117 |   5628 |   8 | 1368.5 |
        Temple |    250 |    187 |     63 |      0 |    160 |   1 |  250.0 |
               +--------+--------+--------+--------+--------+-----+--------+

Top non-repeatable levels by time:
     D:5: 1967 daAuts
     D:4: 1660 daAuts
     D:7: 1567 daAuts
     D:2: 1562 daAuts
     D:6: 1343 daAuts
     D:1: 1166 daAuts
     D:8: 840 daAuts
     D:3: 839 daAuts
  Temple: 250 daAuts
